 Dungeon Crawl Stone Soup version 0.28-a0-312-gbced6e68ee (webtiles) character file.

Game seed: 12428762370876315902

76 Demosthentine the Poker (level 4, 0/35 HPs)
             Began as a Merfolk Gladiator on Aug 30, 2021.
             Slain by a quokka (5 damage)
             ... on level 3 of the Dungeon.
             The game lasted 00:01:33 (964 turns).

Demosthentine the Poker (Merfolk Gladiator)          Turns: 964, Time: 00:01:34

Health: 0/35       AC:  0    Str: 15    XL:     4   Next: 32%
Magic:  4/4        EV: 13    Int:  7    God:
Gold:   79         SH:  0    Dex: 15    Spells: 3/3 levels left

rFire   . . .      SeeInvis .   a - +0 trident
rCold   . . .      Faith    .   (no shield)
rNeg    . . .      Spirit   .   b - +0 leather armour
rPois   .          Reflect  .   c - +0 helmet
rElec   .          Harm     .   (no cloak)
rCorr   .          Rampage  .   (no gloves)
Will    .....                   (no boots)
Stlth   +.........              (no amulet)
HPRegen 0.11/turn               (no ring)
MPRegen 0.09/turn               (no ring)

@: corroded
A: (nimble swimmer 2), mertail
a: no special abilities


You were on level 3 of the Dungeon.
You visited 1 branch of the dungeon, and saw 3 of its levels.

You collected 79 gold pieces.

Inventory:

Hand Weapons
 a - a +0 trident (weapon)
Missiles
 d - 2 throwing nets (quivered)
Armour
 b - a +0 leather armour (worn)
 c - a +0 helmet (worn)
Jewellery
 g - an amulet of reflection
Potions
 i - a potion of curing
 j - a potion of mutation
 k - a potion of cancellation {unknown}


   Skills:
 + Level 3.1 Fighting
 + Level 5.2 Polearms
 - Level 2.0 Throwing
 + Level 1.1 Armour
 + Level 4.8 Dodging


You had 3 spell levels left.
You didn't know any spells.
Your spell library contained the following spells:

 Spells                   Type           Power      Damage    Failure   Level
 Slow                     Hex            0%         N/A       65%         2
 Confusing Touch          Hex            0%         N/A       86%         3
 Yara's Violent Unravell  Hex/Tmut       0%         3d3       100%        5


Dungeon Overview and Level Annotations

Branches:
Dungeon (3/15)

Altars:


Innate Abilities, Weirdness & Mutations

((You are quick and stealthy near water. (Stealth+, EV+, Speed+++)))
Your lower body shifts to a powerful aquatic tail in water.


Message History

Press: ? - help, Dir - move target, f/p - jelly
Aim: a jelly (moderately wounded, entangled in a net, about 2% to evade your +0 trident)
You reach to attack!
You puncture the jelly!
The jelly is severely wounded.
The jelly struggles against the net.
Reach: a) +0 trident
Press: ? - help, Dir - move target, f/p - jelly
Aim: a jelly (severely wounded, entangled in a net, about 2% to evade your +0 trident)
You reach to attack!
You hit the jelly.
The jelly is almost dead.
The jelly struggles against the net.
Reach: a) +0 trident
Press: ? - help, Dir - move target, f/p - jelly
Aim: a jelly (almost dead, entangled in a net, about 2% to evade your +0 trident)
You reach to attack!
You hit the jelly.
You kill the jelly!
Your Fighting skill increases to level 3!
Your Armour skill increases to level 1!
You have reached level 4!
Unknown command.
You barely miss the quokka. The quokka bites you.
* * * LOW HITPOINT WARNING * * *
You hit the quokka but do no damage. The quokka bites you.
* * * LOW HITPOINT WARNING * * *
You closely miss the quokka. The quokka bites you.
* * * LOW HITPOINT WARNING * * *
The quokka bites you.
* * * LOW HITPOINT WARNING * * *
You closely miss the quokka. The quokka barely misses you.
You hit the quokka.
The quokka is moderately wounded.
The quokka bites you.
* * * LOW HITPOINT WARNING * * *
You miss the quokka.
The quokka is moderately wounded.
The quokka barely misses you.
You hit the quokka.
The quokka is almost dead.
The quokka bites you.
You die...

.# ### .# #
...#.# ...
#....## ##
#..##.#... ..
.#.....#.. .####
.....#..(#......
.......#<...#
......r@....#
##.###...####
#####


You could see a quokka.

Vanquished Creatures
  A jelly (D:3)
  An adder (D:2)
  A worm (D:2)
  4 giant cockroaches
  2 goblins
  4 hobgoblins (D:1)
  4 jackals (D:1)
  2 kobolds (D:1)
  3 quokkas
  2 ball pythons (D:1)
  4 bats (D:1)
  A frilled lizard (D:1)
  A rat (D:1)
30 creatures vanquished.

Notes
Turn   | Place    | Note
-------+----------+-------------------------------------------
     0 | D:1      | Demosthentine the Merfolk Gladiator began the quest for the
                  | Orb.
     0 | D:1      | Reached XP level 1. HP: 16/16 MP: 1/1
    40 | D:1      | Reached XP level 2. HP: 19/23 MP: 2/2
   439 | D:1      | Reached XP level 3. HP: 25/28 MP: 3/3
   697 | D:2      | Reached skill level 5 in Polearms
   958 | D:3      | Reached skill level 1 in Armour
   958 | D:3      | Reached XP level 4. HP: 14/35 MP: 4/4
   964 | D:3      | Slain by a quokka

Illustrated notes

Levels and vault maps discovered:
D:1:      amcnicky_arrival_single_pillar, layout_rooms
D:2:      layout_basic, st_stairs_12
D:3:      layout_loops_ring, shapermc_ecumenical_altar_pompeii

Skill      XL: |  1  2  3 |
---------------+----------+-----
Polearms       | 5 |  5.2
Fighting       | 3 |  3.1
Armour         | 1 |  1.1
Throwing       | |  2.0
Dodging        | |  4.8

Action                   |  1- 3 |  4- 6 || total
-------------------------+-------+-------++-------
Melee: Trident           |    90 |     7 ||    97
Throw: Throwing net      |     1 |       ||     1
  Use: Scroll            |     4 |       ||     4
Armor: Leather armour    |    29 |       ||    29
Dodge: Dodged            |    64 |     2 ||    66

Table legend: (Time is in decaauts)
 A = Elapsed time spent in this place.
 B = Non-inter-level travel time spent in this place.
 C = Inter-level travel time spent in this place.
 D = Time resting spent in this place.
 E = Time spent auto-exploring this place.
 F = Levels seen in this place.
 G = Mean time per level.
                   A        B        C        D        E       F      G
               +--------+--------+--------+--------+--------+-----+--------+
         Total |    969 |    943 |     26 |     26 |    713 |   3 |  323.0 |
       Dungeon |    969 |    943 |     26 |     26 |    713 |   3 |  323.0 |
               +--------+--------+--------+--------+--------+-----+--------+

Top non-repeatable levels by time:
     D:1: 642 daAuts
     D:2: 309 daAuts
     D:3: 17 daAuts
